 Dungeon Crawl Stone Soup version 0.32-a0-450-g080537f31e (webtiles) character file.

Game seed: 472108876602717670

79 Dittersdorf the Shield-Bearer (level 4, 0/29 HPs)
             Began as a Gargoyle Fighter on Feb 23, 2024.
             Slain by an adder (2 damage)
             ... on level 2 of the Dungeon.
             The game lasted 00:00:53 (1268 turns).

Dittersdorf the Shield-Bearer (Gargoyle Fighter)    Turns: 1268, Time: 00:00:54

Health: 0/29       AC: 14    Str: 21    XL:     4   Next: 37%
Magic:  4/4        EV:  7    Int:  9    God:
Gold:   80         SH:  4    Dex:  9    Spells: 3/3 levels left

rFire   . . .        a - +0 flail
rCold   . . .        c - +0 buckler
rNeg    + . .        l - +0 chain mail
rPois   ∞            (no helmet)
rElec   +            (no cloak)
rCorr   .            (no gloves)
SInv    .            o - +0 pair of boots
Will    .....        (no amulet) Stlth
                     b - ring of flight
HPRegen 0.24/turn    (no ring)
MPRegen 0.09/turn

%: no passive effects
@: flying
A: sickness immunity, AC +3, negative energy resistance 1, electricity
resistance, torment resistance 1, petrification resistance
a: no special abilities


You were on level 2 of the Dungeon.
You visited 1 branch of the dungeon, and saw 2 of its levels.

You collected 80 gold pieces.

Inventory:

Hand Weapons
 a - a +0 flail (weapon)
Armour
 c - a +0 buckler (worn)
 l - a +0 chain mail (worn)
 o - a +0 pair of boots (worn)
Jewellery
 b - a ring of flight (left hand)
Scrolls
 e - a scroll of teleportation {unknown}
 g - a scroll of vulnerability {unknown}
 h - a scroll of enchant armour {unknown}
 i - a scroll of revelation {unknown}
 k - 2 scrolls of identify {unknown}
 n - a scroll of blinking {unknown}
 p - a scroll of enchant weapon {unknown}
Potions
 d - 2 potions of might
 f - a potion of degeneration {unknown}
 j - a potion of curing {unknown}
 m - a potion of brilliance {unknown}


   Skills:
 + Level 3.9 Fighting
 + Level 2.8 Maces & Flails
 + Level 3.9 Armour
 + Level 4.0 Shields


You had 3 spell levels left.
You didn't know any spells.
Your spell library was empty.

Dungeon Overview and Level Annotations

Branches:
Dungeon (2/15)

Altars:


Innate Abilities, Weirdness & Mutations

You are immune to sickness and miasma.
Your stone body is resilient. (AC +3)
You are immune to poison.
You resist negative energy. (rN+)
You are resistant to electric shocks. (rElec)
You are resistant to unholy torment.
You are immune to petrification.


Message History

You are too injured to fight recklessly!
You are too injured to fight recklessly!
You are too injured to fight recklessly!
You are too injured to fight recklessly!
You are too injured to fight recklessly!
You are too injured to fight recklessly!
You are too injured to fight recklessly!
You are too injured to fight recklessly!
You are too injured to fight recklessly!
You are too injured to fight recklessly!
You hit the adder.
The adder is almost dead.
The adder barely misses you. You block the kobold's attack.
The endoplasm hits you but does no damage.
The adder bites you but does no damage.
You closely miss the adder.
The adder is almost dead.
The kobold barely misses you. The adder bites you but does no damage.
The endoplasm jiggles.
The endoplasm freezes you.
You are frozen.
* * * LOW HITPOINT WARNING * * *
You miss the adder.
The adder is almost dead.
The adder closely misses you. The kobold closely misses you.
The endoplasm hits you.
* * * LOW HITPOINT WARNING * * *
The adder barely misses you.
You barely miss the adder.
The adder is almost dead.
The kobold hits you but does no damage. The endoplasm barely misses you.
The adder bites you but does no damage. The kobold hits you but does no damage.
The endoplasm freezes you.
You are frozen.
* * * LOW HITPOINT WARNING * * *
The adder completely misses you.
The endoplasm attacks as it pursues you!
The endoplasm barely misses you. The adder attacks as it pursues you!
The adder bites you.
You die...

.....#.......# ###.......#
.....#.......# #.....#####
.#...#.##.#### #.....#
.#<..#.##.####### #.....#
.##.....#.......####.....#
......#..###.............#
......##.............#####
......######.........#
......# #....@....#
......# #....S....#
......# #####J.K.##
##....# #......†.# ######
#........# #..........
#...........
#.............
#...$......#.#


You could see an adder, an endoplasm and a kobold.

Vanquished Creatures
  An iguana (D:2)
  2 adders (D:2)
  A dart slug (D:2)
  6 endoplasms
  3 giant cockroaches
  2 goblins
  2 hobgoblins (D:1)
  3 jackals (D:1)
  3 ball pythons (D:2)
  3 bats
  A frilled lizard (D:1)
  3 kobolds
  4 rats (D:1)
34 creatures vanquished.

Notes
Turn   | Place    | Note
-------+----------+-------------------------------------------
     0 | D:1      | Dittersdorf the Gargoyle Fighter began the quest for the
                  | Orb.
     0 | D:1      | Reached XP level 1. HP: 14/14 MP: 1/1
   112 | D:1      | Reached XP level 2. HP: 19/19 MP: 2/2
   843 | D:2      | Reached XP level 3. HP: 21/24 MP: 3/3
   905 | D:2      | HP: 1/24 [iguana (5)]
   907 | D:2      | Reached XP level 4. HP: 2/29 MP: 4/4
  1095 | D:2      | Reached skill level 4 in Shields
  1268 | D:2      | Slain by an adder

Illustrated notes

Levels and vault maps discovered:
D:1:      minmay_arrival_loop, layout_loops_ring
D:2:      layout_basic, minmay_crystal_room

Skill      XL: |  1  2  3  4 |
---------------+-------------+-----
Shields        | 4 |  4.0
Fighting       | |  3.9
Maces & Flails | |  2.8
Armour         | |  3.9

Action                     |  1- 3 |  4- 6 || total
---------------------------+-------+-------++-------
  Melee: Flail             |   105 |    20 ||   125
 Armour: Scale mail        |    45 |       ||    45
         Chain mail        |    41 |    34 ||    75
  Dodge: Dodged            |    51 |    15 ||    66
  Block: Buckler           |    27 |     3 ||    30

Table legend: (Time is in decaauts)
 A = Elapsed time spent in this place.
 B = Non-inter-level travel time spent in this place.
 C = Inter-level travel time spent in this place.
 D = Time resting spent in this place.
 E = Time spent auto-exploring this place.
 F = Levels seen in this place.
 G = Mean time per level.
                   A        B        C        D        E       F      G
               +--------+--------+--------+--------+--------+-----+--------+
         Total |   1305 |   1249 |     56 |    111 |    870 |   2 |  652.5 |
       Dungeon |   1305 |   1249 |     56 |    111 |    870 |   2 |  652.5 |
               +--------+--------+--------+--------+--------+-----+--------+

Top non-repeatable levels by time:
     D:1: 760 daAuts
     D:2: 544 daAuts
